AoeStats
← NuMa | JuanMan

Arabia

508971411Analyzed
3v3 RM · 8d ago on Sep 24, 2026· 35m 27s· 6 players
Game mode
Random Map
Map size
Normal (6 player)
Population
200
Speed
Normal
Resources
Standard
Victory
Conquest
Starting age
Dark Age
Ending age
Imperial Age
RankedLock teamsTeams togetherTeam positionsShared explorationLock speedFull tech treeHidden civsTurbo modeCheats
Victory
Defeat
🇨🇴 Franks · Colombia
1333
+12
🇨🇴 Danes · Colombia
1261
+15
🇨🇴 Romans · Colombia
1247
+15
🇨🇴 Vikings · Colombia
1295
-16
🇭🇰 Goths · Hong Kong SAR China
1221
-13
🇨🇿 Maya · Czechia
1221
-13
Camo
7:18 Loom
9:20 Feudal Age
9:32 Man-at-Arms
9:58 Arson
10:01 Double-Bit Axe
13:08 Scale Mail Armor
15:13 Town Watch
19:02 Wheelbarrow
21:29 Castle Age
20:18 Forging
20:00 Fletching
22:42 Squires
23:12 Chain Mail Armor
25:51 Bodkin Arrow
26:41 Gambesons
33:42 Bow Saw
35:56 Hand Cart
[COL] Sagros
7:05 Loom
9:12 Feudal Age
9:53 Double-Bit Axe
15:55 Forging
16:24 Scale Barding Armor
18:04 Wheelbarrow
21:48 Castle Age
20:50 Gold Mining
23:07 Chain Barding Armor
22:50 Husbandry
28:33 Gold Shaft Mining
29:01 Town Watch
29:32 Hand Cart
33:36 Fervor
33:49 Sanctity
33:25 Stone Mining
36:50 Imperial Age
NuMa | JuanMan
6:57 Loom
9:07 Feudal Age
9:24 Man-at-Arms
10:53 Scale Mail Armor
12:14 Double-Bit Axe
14:49 Horse Collar
16:40 Padded Archer Armor
22:45 Castle Age
21:43 Forging
22:08 Gold Mining
22:49 Long Swordsman
23:30 Squires
24:01 Chain Mail Armor
25:39 Iron Casting
29:14 Gold Shaft Mining
kaaaboooom
3:05 Loom
12:57 Feudal Age
20:18 Fletching
26:27 Castle Age
27:22 Crossbowman
Ice Mokeweed
0:26 Loom
10:14 Feudal Age
14:35 Castle Age
13:17 Double-Bit Axe
14:40 Fletching
15:08 Horse Collar
18:02 Crossbowman
25:58 Pikeman
27:54 Bow Saw
27:46 Bodkin Arrow
29:15 Wheelbarrow
30:44 Gold Mining
31:59 Heavy Plow
32:14 Thumb Ring
FkeVriX
7:30 Loom
9:37 Feudal Age
10:12 Double-Bit Axe
10:06 Man-at-Arms
14:34 Fletching
15:20 Gold Mining
18:53 Padded Archer Armor
22:11 Castle Age
20:59 Horse Collar
22:51 Bodkin Arrow
22:17 Crossbowman
23:38 Leather Archer Armor
26:42 Bow Saw
26:39 Stone Mining
31:10 Town Watch
34:12 Imperial Age
34:27 Scale Mail Armor
34:38 Forging
35:16 Gold Shaft Mining
Connection lost

Rejoining the realm…

Still unreachable

The connection could not be restored.

Session expired

The server has moved on; the page needs a fresh start.